 Dungeon Crawl Stone Soup version 0.31.0-2-g5a2aebc5c2 (webtiles) character file.

Game seed: 14754833498360809952

93 AbbaRin the Ducker (level 4, -1/31 HPs)
             Began as a Djinni Air Elementalist on Jan 20, 2024.
             Slain by a bullfrog (3 damage)
             ... on level 5 of the Dungeon.
             The game lasted 00:45:58 (3340 turns).

AbbaRin the Ducker (Djinni Air Elementalist)        Turns: 3340, Time: 00:45:59

Health: -1/31      AC:  6    Str:  7    XL:     4   Next: 92%
Gold:   147        EV: 13    Int: 18    God:
                   SH:  0    Dex: 14

rFire   + + .        b - staff of earth
rCold   x . .        (no shield)
rNeg    . . .        a - +0 robe
rPois   ∞            (helmet restricted)
rElec   .            d - +1 cloak
rCorr   .            i - +0 pair of gloves
SInv    .            (boots unavailable)
Will    .....        (no amulet)
Stlth   ++           j - ring of wizardry
HPRegen 0.25/turn    (no ring)
MPRegen 0.00/turn

%: wizardry (x1), infuse magic (-2 HP)
@: swift (expiring), flying, quick
A: sickness immunity, fire resistance 2, cold vulnerability 1, float, innate
caster, HP casting, extra vitality 1, horns 1, shaggy fur 1
a: no special abilities


You were on level 5 of the Dungeon.
You visited 1 branch of the dungeon, and saw 5 of its levels.

You collected 147 gold pieces.

Inventory:

Hand Weapons
 f - a +0 sling
Missiles
 g - 3 poisoned darts
Armour
 a - a +0 robe (worn)
 d - a +1 cloak (worn)
 e - a scarf of resistance
 i - a +0 pair of gloves (worn)
Magical Staves
 b - a staff of earth (weapon)
Jewellery
 j - a ring of wizardry (left hand)
Scrolls
 c - a scroll of teleportation
 n - a scroll of identify {unknown}
Potions
 h - a potion of mutation
 k - a potion of curing
 l - a potion of might {unknown}
 m - a potion of attraction {unknown}


   Skills:
 + Level 0.4 Fighting
 + Level 0.5 Staves
 + Level 3.9 Dodging
 + Level 2.4 Stealth
 + Level 3.3 Spellcasting
 + Level 3.3 Conjurations
 + Level 3.3 Hexes
 + Level 3.3 Summonings
 + Level 3.3 Necromancy
 + Level 3.3 Translocations
 + Level 3.3 Fire Magic
 + Level 3.3 Ice Magic
 + Level 3.3 Air Magic
 + Level 3.3 Earth Magic
 + Level 3.3 Alchemy


You knew the following spells:

 Your Spells              Type           Power      Damage    Failure   Level
a - Shock                 Conj/Air       60%        1d6       1%          1
b - Static Discharge      Conj/Air       30%        3-5/arc   2%          2
c - Swiftness             Air            15%        N/A       4%          3
d - Airstrike             Air            7%         2d(2-18)  16%         4
e - Apportation           Tloc           30%        N/A       1%          1
Your spell library was empty.

Dungeon Overview and Level Annotations

Branches:
Dungeon (6/15)
 Temple: D:4-7

Altars:

Annotations:
D:3 Sigmund
D:6 Grinder


Innate Abilities, Weirdness & Mutations

You are immune to sickness and miasma.
You are immune to poison.
Your flesh is very heat resistant. (rF++)
You are vulnerable to cold. (rC-)
You float through the air rather than walking.
You learn spells naturally, not from books.
Your magical power is your life essence.
You have superior vitality. (+4 MHP)
You have a pair of small horns on your head.
You are covered in fur. (AC +1)


Message History

The bullfrog attacks as it pursues you! The bullfrog barely misses you.
The bullfrog hits you but does no damage.
The bullfrog barely misses you. The bullfrog hits you.
The bullfrog closely misses you.
You enter a dispersal trap!
The bullfrog blinks! x2; You blink.
The bullfrog closely misses you. The bullfrog attacks as it pursues you!
The bullfrog hits you. x2
You hear the slow hiss of a very distant avalanche of sand.
The bullfrog hits you but does no damage.
The bullfrog hits you.
There is a stone staircase leading down here.
The bullfrog barely misses you. The bullfrog attacks as it pursues you!
The bullfrog hits you but does no damage.
The bullfrog barely misses you. The bullfrog attacks as it pursues you!
The bullfrog barely misses you.
The bullfrog hits you but does no damage.
The bullfrog attacks as it pursues you! The bullfrog hits you.
The bullfrog hits you. x2
The bullfrog attacks as it pursues you! The bullfrog hits you. x2
* * * LOW HITPOINT WARNING * * *
Casting: Static Discharge (safe; 2% risk of failure)
Confirm with . or Enter, or press ? or * to list all spells.
You feel quick.
* * * LOW HITPOINT WARNING * * *
The bullfrog hits you.
* * * LOW HITPOINT WARNING * * *
The bullfrog attacks as it pursues you!
The bullfrog hits you but does no damage.
The bullfrog attacks as it pursues you! The bullfrog barely misses you.
The bullfrog barely misses you. The bullfrog attacks as it pursues you!
The bullfrog barely misses you. The bullfrog attacks as it pursues you!
The bullfrog hits you.
* * * LOW HITPOINT WARNING * * *
The bullfrog attacks as it pursues you! The bullfrog barely misses you.
You start to feel a little slower.
The bullfrog misses you.
There is a stone staircase leading down here.
The bullfrog hits you.
You die...

#.# #.# #.#
#.# #.# #.#
#.#
#########.#
#@F.......#
#.#########
#.# #.# ..#
###


You could see a bullfrog.

Vanquished Creatures
  5 adders
  2 ribbon worms (D:2)
  5 orcs (D:3)
  4 ball pythons
  4 giant cockroaches
  2 goblins (D:1)
  4 hobgoblins
  4 jackals (D:3)
  3 kobolds (D:2)
  2 bats
  A frilled lizard (D:3)
  2 rats
38 creatures vanquished.

Notes
Turn   | Place    | Note
-------+----------+-------------------------------------------
     0 | D:1      | AbbaRin the Djinni Air Elementalist began the quest for the
                  | Orb.
     0 | D:1      | AbbaRin set off with the following spells memorised: Shock,
                  | Static Discharge, Swiftness, Airstrike.
     0 | D:1      | Reached XP level 1. HP: 15/15 MP: 0/0
   382 | D:1      | Gained mutation: You have a pair of small horns on your
                  | head. [potion of mutation]
   382 | D:1      | Gained mutation: You are covered in fur. (AC +1) [potion of
                  | mutation]
   414 | D:1      | Reached XP level 2. HP: 18/21 MP: 0/0
   872 | D:2      | Reached XP level 3. HP: 3/25 MP: 0/0
   872 | D:2      | Learned a level 1 spell: Apportation
  1589 | D:2      | Upgraded the game from 0.31.0 to 0.31.0-2-g5a2aebc5c2
  1967 | D:2      | Reached XP level 4. HP: 29/31 MP: 0/0
  2915 | D:3      | Noticed Sigmund
  3198 | D:3      | You are sucked into a shaft and drop 3 floors!
  3260 | D:6      | Noticed Grinder
  3260 | D:6      | Noticed a yak
  3260 | D:6      | Noticed a yak
  3260 | D:6      | Noticed a yak
  3263 | D:5      | Entered Level 5 of the Dungeon
  3294 | D:5      | Noticed a bullfrog
  3325 | D:5      | HP: 1/31 [bullfrog (1)]
  3333 | D:5      | HP: 1/31 [bullfrog (2)]
  3340 | D:5      | Slain by a bullfrog

Illustrated notes

Levels and vault maps discovered:
D:1:      dpeg_arrival_houses_and_road, layout_rooms
D:2:      layout_basic, serial_glass, glass_columns_b, glass_columns_a,
          glass_columns_c, feat_on_display, due_unseen_surprise
D:3:      layout_loops_corners, nicolae_figureground_sparkle, uniq_sigmund
D:5:      layout_loops_cross, enter_ossuary_2, uniq_ijyb, uniq_eustachio
D:6:      layout_rooms, marbit_many_paths, gup_sewer_entry_pipe,
          minmay_misc_feat_square, item_on_display_a, uniq_grinder

Skill      XL: |  1  2 |
---------------+-------+-----
Dodging        | 3 |  3.9
Stealth        | 2 |  2.4
Fighting       | |  0.4
Staves         | |  0.5
Spellcasting   | |  3.3
Conjurations   | |  3.3
Hexes          | |  3.3
Summonings     | |  3.3
Necromancy     | |  3.3
Translocations | |  3.3
Fire Magic     | |  3.3
Ice Magic      | |  3.3
Air Magic      | |  3.3
Earth Magic    | |  3.3
Alchemy        | |  3.3

Action                     |  1- 3 |  4- 6 || total
---------------------------+-------+-------++-------
  Melee: Staff             |    20 |     1 ||    21
         Unarmed           |     1 |       ||     1
         Headbutt          |     1 |       ||     1
   Cast: Shock             |    60 |    29 ||    89
         Static Discharge  |     5 |     5 ||    10
         Airstrike         |       |     3 ||     3
         Swiftness         |       |     1 ||     1
    Use: Potion            |     1 |     2 ||     3
         Scroll            |     3 |     1 ||     4
   Stab: Sleeping          |     1 |       ||     1
 Armour: Robe              |    49 |    32 ||    81
  Dodge: Dodged            |    42 |    22 ||    64
